[Event "ICCopen2017"]
[Site "Internet Chess Club"]
[Date "2017.04.02"]
[Round "2"]
[White "domti"]
[Black "Buscapina"]
[Result "1-0"]
[ICCResult "Black resigns"]
[WhiteElo "1886"]
[BlackElo "2254"]
[Opening "French: Tarrasch, open, 4.ed ed"]
[ECO "C08"]
[NIC "FR.21"]
[Time "19:16:13"]
[TimeControl "180+0"]

1. e4 e6 2. d4 d5 3. Nd2 c5 4. exd5 exd5 5. Ngf3 Nf6 6. Bb5+ Bd7 7. Bxd7+
Nbxd7 8. O-O Be7 9. dxc5 Nxc5 10. Nb3 Nce4 11. Nbd4 O-O 12. c3 Bd6 13. h3 a6
14. Bg5 Qc7 15. Nf5 Bf4 16. Bxf4 Qxf4 17. Ne7+ Kh8 18. Nxd5 Qf5 19. Nxf6
Nxf6 20. Qb1 Qh5 21. Nd4 Rfe8 22. Re1 g6 23. Qd3 Kg7 24. a4 Qd5 25. a5 Rxe1+
26. Rxe1 Qxa5 27. Re7 Qa1+ 28. Kh2 Qxb2 29. Qf3 Qb6 30. Ne6+ Kg8 31. Qxf6
Qd6+ 32. f4 Qxe6 33. Rxe6 fxe6 34. Qxe6+ {Black resigns} 1-0

[Event "ICCopen2017"]
[Site "Internet Chess Club"]
[Date "2017.04.02"]
[Round "2"]
[White "Nos"]
[Black "snaillike"]
[Result "1-0"]
[ICCResult "Black forfeits on time"]
[WhiteElo "2186"]
[BlackElo "1290"]
[Opening "Scandinavian (center counter) defense"]
[ECO "B01"]
[NIC "VO.17"]
[Time "19:16:03"]
[TimeControl "180+0"]

1. e4 d5 2. exd5 e6 3. dxe6 Bxe6 4. Nf3 Nf6 5. d4 Bd6 6. Bd3 O-O 7. O-O Qc8
8. Nc3 Bg4 9. Re1 Nc6 10. Ne4 Nxe4 11. Bxe4 Qd7 12. Qd3 f5 13. Bd5+ Kh8 14.
Be6 Qe7 15. Bg5 Qe8 16. h3 Bxf3 17. Qxf3 Qg6 18. Be3 Qxe6 19. d5 Qe5 20.
dxc6 Rae8 21. g3 Qf6 22. Bf4 Bxf4 23. Qxf4 Qxc6 24. c3 Rxe1+ 25. Rxe1 Re8
26. Rxe8+ Qxe8 27. Qxf5 h6 28. Kg2 Qc6+ 29. Qf3 Qb6 30. b3 Qa5 31. a4 Qb6
32. c4 a5 33. Qf8+ {Black forfeits on time} 1-0

[Event "ICCopen2017"]
[Site "Internet Chess Club"]
[Date "2017.04.02"]
[Round "2"]
[White "Barbos"]
[Black "RdgMx"]
[Result "1-0"]
[ICCResult "Black forfeits on time"]
[WhiteElo "2353"]
[BlackElo "1850"]
[Opening "QGD: classical variation (5.Bf4)"]
[ECO "D37"]
[NIC "QO.04"]
[Time "19:15:24"]
[TimeControl "180+0"]

1. d4 e6 2. c4 d5 3. Nf3 Nf6 4. Nc3 Be7 5. Bf4 O-O 6. e3 c6 7. a3 Qb6 8. Qc2
a5 9. c5 Qd8 10. Na4 Nbd7 11. Ne5 Nxe5 12. Bxe5 Nd7 13. Bg3 Bh4 14. Bd3 h6
15. Bd6 Be7 16. Bg3 Bh4 17. O-O Bxg3 18. hxg3 e5 19. f4 exd4 20. exd4 Re8
21. Rae1 Nf6 22. Nb6 Rb8 23. Qd2 Nh5 24. Rxe8+ Qxe8 25. Re1 Qd8 26. Qe3 Bg4
27. Kf2 Nf6 28. Qe5 Be6 29. Kg1 Ng4 30. Qd6 Qxd6 31. cxd6 Rd8 32. f5 Bc8 33.
Re7 Nf6 34. Rc7 Bd7 35. Rxb7 Be8 36. Ra7 Rxd6 37. Rxa5 Rd8 38. b4 Nd7 39.
Ra8 Rxa8 40. Nxa8 Kf8 41. a4 Ke7 42. a5 Kd8 43. a6 Kc8 44. b5 cxb5 45. Bxb5
Kb8 46. Nb6 Nxb6 47. Bxe8 f6 48. Bb5 Ka7 49. Kf2 Nc8 50. Ke3 Ne7 51. Bd3 Nc8
52. Kf4 Nd6 53. Kg4 Nc8 54. Kh5 Ne7 55. Kg4 Kb6 56. Kf4 Ka7 57. Ke3 Kb6 58.
Kd2 Ka7 59. Kc3 Nc6 60. Bb5 Nb8 61. Kb4 Kb6 62. a7 Kxa7 63. Kc5 Kb7 64. Kd6
Na6 65. Bxa6+ {Black forfeits on time} 1-0

[Event "ICCopen2017"]
[Site "Internet Chess Club"]
[Date "2017.04.02"]
[Round "2"]
[White "Sensei24"]
[Black "Spirals"]
[Result "1-0"]
[ICCResult "Black forfeits on time"]
[WhiteElo "3018"]
[BlackElo "2178"]
[Opening "QGD: classical variation (5.Bf4)"]
[ECO "D37"]
[NIC "QP.08"]
[Time "19:15:31"]
[TimeControl "180+0"]

1. d4 d5 2. Nf3 Nf6 3. c4 e6 4. Nc3 Be7 5. Bf4 c6 6. e3 Nbd7 7. h3 O-O 8.
Rc1 b6 9. cxd5 exd5 10. Bd3 Bb7 11. Ne5 Nxe5 12. Bxe5 c5 13. O-O cxd4 14.
Bxd4 Bc5 15. Ne2 Qe7 16. Qa4 a6 17. Rc2 Ne4 18. Rfc1 Bxd4 19. Nxd4 Qf6 20.
Bxe4 dxe4 21. Rc7 Bd5 22. a3 g6 23. Qb4 b5 24. R1c5 Bc4 25. b3 Bd3 26. R5c6
Qe5 27. Re7 Qh5 28. Qd2 Rfc8 29. Rec7 Rxc7 30. Rxc7 Qd5 31. Qc3 Qd6 32. Qc5
Qxc5 33. Rxc5 h5 34. g4 hxg4 35. hxg4 Kg7 36. Rc7 a5 37. Kg2 a4 38. b4 Bc4
39. Rc5 Rd8 40. Kg3 Rd6 41. g5 Rd7 42. Kf4 Re7 43. Re5 Rc7 44. Rxe4 Bd3 45.
Re5 Rc3 46. Nxb5 Bxb5 47. Rxb5 {Black forfeits on time} 1-0

[Event "ICCopen2017"]
[Site "Internet Chess Club"]
[Date "2017.04.02"]
[Round "2"]
[White "TomorrowLand"]
[Black "chess-caleb"]
[Result "1-0"]
[ICCResult "Black resigns"]
[WhiteElo "1622"]
[BlackElo "1729"]
[Opening "Giuoco Pianissimo"]
[ECO "C55"]
[NIC "IG.01"]
[Time "19:16:25"]
[TimeControl "180+0"]

1. e4 e5 2. Nf3 Nc6 3. Bc4 Nf6 4. d3 Bc5 5. O-O O-O 6. c3 d6 7. Bb3 Be6 8.
Bc2 Bb6 9. a4 a6 10. Re1 Re8 11. Nbd2 h6 12. Nf1 Bg4 13. h3 Bh5 14. Ng3 Bg6
15. b4 a5 16. b5 Nb8 17. Be3 Bxe3 18. fxe3 c6 19. Bb3 d5 20. exd5 cxd5 21.
e4 dxe4 22. dxe4 Nbd7 23. Nh4 Nxe4 24. Nxg6 Nxg3 25. Qd5 Re6 26. Nxe5 Nxe5
27. Qxd8+ Rxd8 28. Bxe6 Nd3 29. Re3 Nh5 30. Bc4 Nc5 31. Rf1 Nf6 32. Re7 Rd2
33. Rxf7 Kh7 34. R1xf6 {Black resigns} 1-0

[Event "ICCopen2017"]
[Site "Internet Chess Club"]
[Date "2017.04.02"]
[Round "2"]
[White "ComplexZeta"]
[Black "Trentosk"]
[Result "0-1"]
[ICCResult "White resigns"]
[WhiteElo "1863"]
[BlackElo "2480"]
[Opening "Scotch: Schmidt variation"]
[ECO "C45"]
[NIC "SO.04"]
[Time "19:15:45"]
[TimeControl "180+0"]

1. e4 e5 2. Nf3 Nc6 3. d4 exd4 4. Nxd4 Nf6 5. Nxc6 bxc6 6. Bd3 Bc5 7. O-O d6
8. Nc3 a5 9. Bg5 h6 10. Bh4 O-O 11. Kh1 Re8 12. f4 Rb8 13. b3 Bd4 14. Qd2
Bxc3 15. Qxc3 Nxe4 16. Bxd8 Nxc3 17. Bxc7 Ra8 18. Bxd6 Nd5 19. Rfe1 Bd7 20.
c4 Nc3 21. Kg1 Rxe1+ 22. Rxe1 Nxa2 23. h3 Nb4 24. Bb1 Na6 25. Re7 Rd8 26.
Ba3 Bxh3 27. Be4 Bd7 28. Bf3 g6 29. Bb2 Nc5 30. Bf6 Re8 31. Rxe8+ Bxe8 32.
Bd1 Bd7 33. Bd4 Ne6 34. Bb6 Nxf4 35. Bxa5 g5 36. Bb4 Nd3 37. Bc3 f5 38. Bc2
Nf4 39. Be5 Ng6 40. Bc3 h5 41. Kf2 h4 42. Ke3 Nf4 43. Kf3 c5 44. Be5 Bc6+
45. Kf2 Nxg2 46. Bxf5 Nf4 47. Bf6 h3 48. Bxg5 h2 {White resigns} 0-1

[Event "ICCopen2017"]
[Site "Internet Chess Club"]
[Date "2017.04.02"]
[Round "2"]
[White "A4-H5"]
[Black "GYMEJR"]
[Result "1-0"]
[ICCResult "Black forfeits on time"]
[WhiteElo "1785"]
[BlackElo "1488"]
[Opening "English, Nimzovich variation"]
[ECO "A20"]
[NIC "EO.25"]
[Time "19:15:33"]
[TimeControl "180+0"]

1. c4 e5 2. Nf3 d6 3. d4 Nd7 4. Nc3 f5 5. g3 Ngf6 6. Bg2 g6 7. O-O Bg7 8.
Ng5 Qe7 9. Nb5 Nf8 10. d5 a6 11. Nc3 h6 12. Ne6 Nxe6 13. dxe6 c6 14. e4 Bxe6
15. f4 O-O 16. b3 fxe4 17. Nxe4 Nxe4 18. Bxe4 exf4 19. Bxf4 Bxa1 20. Qxa1
Bf5 21. Bg2 Kh7 22. Qd4 Rad8 23. h4 Qf6 24. Qd2 d5 25. cxd5 cxd5 26. g4 Qb6+
27. Be3 d4 28. Bf2 Bxg4 29. Qd3 Bf5 30. Qg3 Qd6 31. Qf3 h5 32. Qxb7+ Rd7 33.
Qd5 Qxd5 34. Bxd5 Rxd5 35. Rd1 d3 36. Kg2 Re8 37. Kg3 Re2 38. Kf3 Bg4+ 39.
Kg3 Rxf2 40. Kxf2 Bxd1 41. Ke3 d2 42. Ke4 Rd8 43. Kf4 Bg4 44. Kg5 d1=Q 45.
b4 Qd2+ 46. Kf6 Qf4+ 47. Ke7 Rf8 48. b5 Qf5 49. Kd6 Qe6+ 50. Kc5 Rf5+ 51.
Kb4 Rxb5+ 52. Kc3 Qe3+ 53. Kc4 Re5 54. a3 Re4+ 55. Kd5 {Black forfeits on
time} 1-0

[Event "ICCopen2017"]
[Site "Internet Chess Club"]
[Date "2017.04.02"]
[Round "2"]
[White "charlestehace"]
[Black "drunkman31"]
[Result "1-0"]
[ICCResult "Black resigns"]
[WhiteElo "2849"]
[BlackElo "2145"]
[Opening "Queen's pawn: London system"]
[ECO "A45"]
[NIC "QP.07"]
[Time "19:18:21"]
[TimeControl "180+0"]

1. d4 Nf6 2. Bf4 d6 3. e3 g6 4. h3 Bg7 5. Nf3 O-O 6. Be2 b6 7. O-O Bb7 8. a4
c5 9. Bh2 Nc6 10. c3 cxd4 11. exd4 Qc7 12. Na3 a6 13. Re1 Rfe8 14. Bf1 e6
15. Nc4 Red8 16. Qb3 b5 17. axb5 axb5 18. Qxb5 Rab8 19. Qb6 Qxb6 20. Nxb6
Ne7 21. Nc4 Bxf3 22. gxf3 Ne8 23. Bd3 Rb7 24. Ra6 d5 25. Nd6 Nxd6 26. Bxd6
Nc8 27. Ba3 Bf8 28. Bxf8 Kxf8 29. Re2 Nd6 30. Kf1 Rdb8 31. Rxd6 {Black
resigns} 1-0

[Event "ICCopen2017"]
[Site "Internet Chess Club"]
[Date "2017.04.02"]
[Round "2"]
[White "unkavalo"]
[Black "LeonSantillan"]
[Result "1-0"]
[ICCResult "Black forfeits on time"]
[WhiteElo "2382"]
[BlackElo "1866"]
[Opening "English: symmetrical variation"]
[ECO "A38"]
[NIC "EO.28"]
[Time "19:15:44"]
[TimeControl "180+0"]

1. c4 g6 2. g3 Bg7 3. Bg2 c5 4. Nf3 Nc6 5. Nc3 Nf6 6. O-O d6 7. d4 cxd4 8.
Nxd4 Bd7 9. b3 Nxd4 10. Qxd4 Bc6 11. Bxc6+ bxc6 12. Bb2 O-O 13. Rad1 Nd5 14.
Qd3 Nxc3 15. Bxc3 Bxc3 16. Qxc3 c5 17. h4 a5 18. h5 a4 19. h6 f6 20. Rd3
axb3 21. axb3 Qd7 22. Kg2 Ra2 23. Re3 Rb8 24. Qd3 Ra3 25. Qd5+ Kf8 26. Rb1
Qb7 27. Qxb7 Rxb7 28. Rb2 e5 29. f4 Ke7 30. g4 Kd7 31. g5 exf4 32. Rd3 fxg5
33. Kf3 Rb4 34. Kg4 Ke6 35. Kxg5 Ke5 36. Rd5+ Ke6 37. Rd3 Ke5 38. Kg4 Ke4
39. Kg5 Ke5 40. Rf3 Ke4 41. Rxf4+ Ke5 42. Rf3 Ke4 43. Rd3 Ke5 44. Kg4 Ke6
45. Kf4 {Black forfeits on time} 1-0

[Event "ICCopen2017"]
[Site "Internet Chess Club"]
[Date "2017.04.02"]
[Round "2"]
[White "volver"]
[Black "TeddyBear"]
[Result "0-1"]
[ICCResult "White checkmated"]
[WhiteElo "1296"]
[BlackElo "1648"]
[Opening "Caro-Kann: advance variation"]
[ECO "B12"]
[NIC "CK.04"]
[Time "19:15:14"]
[TimeControl "180+0"]

1. d4 c6 2. e4 d5 3. e5 Bf5 4. Bd3 Bxd3 5. Qxd3 e6 6. f4 Qb6 7. Nf3 c5 8. c3
Nc6 9. O-O Nh6 10. Be3 Qxb2 11. Nbd2 c4 12. Qe2 Qxc3 13. Rfc1 Qa3 14. Nb1
Qa6 15. Nc3 Nf5 16. Bf2 Ba3 17. Rcb1 Qa5 18. Nb5 Bb4 19. g4 Nh6 20. h3 Qxb5
21. a3 O-O 22. axb4 Nxb4 23. Be1 a5 24. Qd2 Rfc8 25. f5 exf5 26. gxf5 Nxf5
27. Ng5 Qb6 28. Qf4 Qxd4+ 29. Qxd4 Nxd4 30. Bf2 Nb3 31. Ra4 b5 32. Rxb4 axb4
33. e6 fxe6 34. Nxe6 Ra1 35. Rxa1 Nxa1 36. Nd4 b3 37. Nxb5 b2 38. Nc3 Rb8
39. Nb1 Rb3 40. Bd4 Nc2 41. Be5 Na3 42. Nd2 b1=Q+ 43. Nxb1 Rxb1+ 44. Kf2 Rb3
45. Ke2 c3 46. Bxc3 Rxc3 47. Kd2 Rxh3 48. Ke2 d4 49. Kd2 Nc4+ 50. Kc2 Ra3
51. Kd1 Ra2 52. Ke1 d3 53. Kd1 Ne3+ 54. Kc1 Rc2+ 55. Kb1 Nc4 56. Ka1 d2 57.
Kb1 d1=Q# {White checkmated} 0-1

[Event "ICCopen2017"]
[Site "Internet Chess Club"]
[Date "2017.04.02"]
[Round "2"]
[White "Enemigoalacecho"]
[Black "Montserrat"]
[Result "1-0"]
[ICCResult "Black checkmated"]
[WhiteElo "2309"]
[BlackElo "1847"]
[Opening "English opening"]
[ECO "A05"]
[NIC "QP.11"]
[Time "19:15:19"]
[TimeControl "180+0"]

1. Nf3 Nf6 2. c4 g6 3. b4 Bg7 4. Bb2 O-O 5. g3 d6 6. Bg2 e5 7. d3 Nc6 8. b5
Ne7 9. Nc3 Rb8 10. O-O Bg4 11. h3 Bd7 12. c5 Qc8 13. cxd6 cxd6 14. Rc1 Qd8
15. a4 Qa5 16. Ba3 Nc8 17. Qb3 Be6 18. Qb4 Qxb4 19. Bxb4 Rd8 20. a5 b6 21.
a6 Ne7 22. d4 e4 23. Ng5 d5 24. Nxe6 fxe6 25. e3 Rd7 26. Rc2 Kf7 27. Rfc1
Rc8 28. Na2 Rxc2 29. Rxc2 Ne8 30. Bxe7 Kxe7 31. Nb4 Rc7 32. Rxc7+ Nxc7 33.
Bf1 Kd6 34. h4 e5 35. dxe5+ Bxe5 36. Nc6 d4 37. exd4 Bf6 38. Nxa7 Bxd4 39.
Bc4 Kc5 40. Be2 Na8 41. Kf1 h6 42. h5 g5 43. f4 exf3 44. Bxf3 Nc7 45. Bc6
Kd6 46. g4 Nxa6 47. bxa6 b5 48. Nc8+ Kc7 49. a7 Bxa7 50. Nxa7 Kb6 51. Nxb5
Kxc6 52. Nd4+ Kd5 53. Nf5 Ke4 54. Nxh6 Kf4 55. Kf2 Ke5 56. Kf3 Kf6 57. Ke4
Kg7 58. Nf5+ Kf6 59. Kd5 Kf7 60. Ke5 Kf8 61. Ng3 Kg7 62. Kf5 Kh7 63. Ne4 Kg7
64. Kxg5 Kh7 65. Kf5 Kg7 66. g5 Kh7 67. Nf6+ Kg7 68. h6+ Kh8 69. Nh5 Kh7 70.
Kf6 Kg8 71. Kg6 Kh8 72. Nf4 Kg8 73. Nd5 Kh8 74. Ne3 Kg8 75. Nf5 Kh8 76. Nd6
Kg8 77. Nf7 Kf8 78. h7 Ke7 79. h8=Q Ke6 80. Qd4 Ke7 81. Qd6+ Ke8 82. Qd8#
{Black checkmated}
1-0

[Event "ICCopen2017"]
[Site "Internet Chess Club"]
[Date "2017.04.02"]
[Round "2"]
[White "Shech"]
[Black "youngjp"]
[Result "1-0"]
[ICCResult "Black resigns"]
[WhiteElo "2453"]
[BlackElo "1907"]
[Opening "Queen's bishop game"]
[ECO "D02"]
[NIC "QP.09"]
[Time "19:16:37"]
[TimeControl "180+0"]

1. Nf3 d5 2. d4 Nf6 3. Bf4 c6 4. e3 Bg4 5. Be2 e6 6. Nbd2 Nbd7 7. h3 Bh5 8.
O-O Be7 9. c4 O-O 10. Qb3 b6 11. cxd5 cxd5 12. Ba6 Ne4 13. Bb7 Rb8 14. Bxb8
Qxb8 15. Bc6 Ndf6 16. Nxe4 Nxe4 17. Rfc1 Bxf3 18. gxf3 Ng5 19. Kg2 f5 20. f4
Ne4 21. Bb5 g5 22. Bd7 gxf4 23. Bxe6+ Kh8 24. Qxd5 fxe3 25. Qe5+ Qxe5 26.
dxe5 exf2 27. Rc8 Rxc8 28. Bxc8 Bc5 29. Bxf5 Nd2 30. Bd3 {Black resigns} 1-0

[Event "ICCopen2017"]
[Site "Internet Chess Club"]
[Date "2017.04.02"]
[Round "2"]
[White "anan"]
[Black "VrloJakMK"]
[Result "0-1"]
[ICCResult "White forfeits on time"]
[WhiteElo "1569"]
[BlackElo "2052"]
[Opening "French defense"]
[ECO "C00"]
[NIC "FR.01"]
[Time "19:16:19"]
[TimeControl "180+0"]

1. e4 e6 2. Nf3 d5 3. exd5 exd5 4. d4 Nf6 5. Bd3 c5 6. O-O c4 7. Be2 h6 8.
c3 Bd6 9. Re1 O-O 10. h3 Bf5 11. Bf1 Nbd7 12. Ne5 Re8 13. Nxd7 Qxd7 14. Be3
Bc7 15. Nd2 Qd6 16. Nf3 Be4 17. g3 b5 18. Bg2 Qe6 19. Qd2 Qf5 20. Nh4 Qh7
21. Bf4 Bxf4 22. Qxf4 Bxg2 23. Nxg2 Qc2 24. Reb1 Re2 25. Ne3 Qd3 26. Rd1 Qh7
27. Rab1 Re8 28. Qf3 R2xe3 29. fxe3 Ne4 30. Rf1 Qg6 31. Kg2 Nd2 32. Qf5 Qxf5
33. Rxf5 Nxb1 34. Rxd5 Rxe3 35. Rxb5 Nd2 36. Kf2 Re7 37. Rc5 g6 38. h4 Ne4+
{White forfeits on time}
0-1

[Event "ICCopen2017"]
[Site "Internet Chess Club"]
[Date "2017.04.02"]
[Round "2"]
[White "MoonlightWizard"]
[Black "devotional"]
[Result "0-1"]
[ICCResult "White resigns"]
[WhiteElo "2711"]
[BlackElo "2148"]
[Opening "Petrov: modern attack, Symmetrical variation"]
[ECO "C43"]
[NIC "RG.02"]
[Time "19:16:14"]
[TimeControl "180+0"]

1. e4 e5 2. Nf3 Nf6 3. d4 Nxe4 4. Bd3 d5 5. Nxe5 Bd6 6. O-O O-O 7. c4 Nc6 8.
cxd5 Nxd4 9. Bxe4 Bxe5 10. Nc3 f5 11. Bd3 c5 12. Re1 Bf6 13. Be3 Bd7 14. Bc4
Kh8 15. Rb1 b5 16. Bf1 b4 17. Ne2 Nxe2+ 18. Bxe2 Rc8 19. Bf3 c4 20. Bxa7 Qa5
21. Bd4 Qxa2 22. Bxf6 Rxf6 23. Re7 Ba4 24. Qe1 h6 25. Ra1 Qxb2 26. Rxa4 c3
27. Ra1 c2 28. Rc1 b3 29. Re8+ Rxe8 30. Qxe8+ Kh7 31. Qe1 Qa2 32. Qc3 b2 33.
Qxc2 bxc1=Q+ 34. Qxc1 Rb6 35. Qe1 Rb1 36. Bd1 Qxd5 {White resigns} 0-1

[Event "ICCopen2017"]
[Site "Internet Chess Club"]
[Date "2017.04.02"]
[Round "2"]
[White "DoctorWho"]
[Black "Tlaloc"]
[Result "1/2-1/2"]
[ICCResult "Game drawn by repetition"]
[WhiteElo "1924"]
[BlackElo "2521"]
[Opening "QGD: 3...Nf6"]
[ECO "D35"]
[NIC "QO.16"]
[Time "19:15:49"]
[TimeControl "180+0"]

1. d4 Nf6 2. c4 e6 3. Nc3 d5 4. e3 a6 5. Bd3 dxc4 6. Bxc4 b5 7. Be2 Bb7 8.
Bf3 Qc8 9. Bxb7 Qxb7 10. Qf3 Qxf3 11. Nxf3 Nbd7 12. O-O c5 13. Rd1 cxd4 14.
Nxd4 Bb4 15. Nce2 Rc8 16. Bd2 Bxd2 17. Rxd2 Ke7 18. f3 Ne5 19. b3 Nd5 20.
Kf2 Nb4 21. Rad1 g5 22. h3 h5 23. f4 gxf4 24. exf4 Ng6 25. g3 h4 26. g4 Nd5
27. Kf3 Nc3 28. Nxc3 Rxc3+ 29. Rd3 Rhc8 30. Ke3 Kf8 31. Ke4 R8c5 32. Ke3 e5
33. fxe5 Nxe5 34. Rxc3 Rxc3+ 35. Kf4 Ng6+ 36. Kg5 Rxh3 37. Nf5 Ke8 38. Kf6
Rf3 39. Re1+ Kf8 40. Rc1 Kg8 41. Rc8+ Nf8 42. Kg5 h3 43. Nh6+ Kg7 44. Nf5+
Kg8 45. Nh6+ Kg7 46. Nf5+ Kg8 47. Nh6+ Kg7 {Game drawn by repetition}
1/2-1/2

[Event "ICCopen2017"]
[Site "Internet Chess Club"]
[Date "2017.04.02"]
[Round "2"]
[White "spoks7th"]
[Black "Assured"]
[Result "0-1"]
[ICCResult "White resigns"]
[WhiteElo "2120"]
[BlackElo "2847"]
[Opening "Scandinavian (center counter) defense"]
[ECO "B01"]
[NIC "SD.02"]
[Time "19:15:52"]
[TimeControl "180+0"]

1. e4 d5 2. exd5 Qxd5 3. Nc3 Qd8 4. d4 c6 5. Nf3 Bf5 6. Ne5 Nd7 7. Qf3 e6 8.
Nxf7 Kxf7 9. g4 Ne7 10. gxf5 Nxf5 11. Bc4 g6 12. Be3 Bb4 13. O-O-O Bxc3 14.
bxc3 Qa5 15. Bf4 Nb6 16. Bb3 Qa3+ 17. Kd2 Nd5 18. Be5 Rhd8 19. h4 h5 20.
Rdg1 Rg8 21. c4 Qa5+ 22. c3 Ne7 23. Bd6 Rad8 24. Bb4 Qc7 25. Re1 c5 26. Ba3
cxd4 27. cxd4 Rxd4+ 28. Kc3 Rgd8 29. Qe2 Rd3+ 30. Kc2 Nd4+ 31. Kxd3 Nxe2+
32. Kxe2 Qe5+ 33. Kf1 Qc3 34. Rh2 Rd2 35. Rg2 Nf5 36. c5 Nd4 37. Rg3 Qa5 38.
Bb2 Rxb2 39. Rge3 Qd2 40. Bxe6+ Kg7 41. Rf3 Nxf3 {White resigns} 0-1

[Event "ICCopen2017"]
[Site "Internet Chess Club"]
[Date "2017.04.02"]
[Round "2"]
[White "isurox"]
[Black "Heian"]
[Result "1-0"]
[ICCResult "Black forfeits on time"]
[WhiteElo "1793"]
[BlackElo "1503"]
[Opening "Giuoco Pianissimo"]
[ECO "C50"]
[NIC "IG.02"]
[Time "19:16:03"]
[TimeControl "180+0"]

1. e4 e5 2. Nf3 Nc6 3. Bc4 Bc5 4. d3 d6 5. c3 Bg4 6. h3 Bxf3 7. Qxf3 Qf6 8.
Qg3 Qg6 9. Qxg6 hxg6 10. O-O Na5 11. Bb5+ c6 12. Ba4 b5 13. Bc2 Nb7 14. b4
Bb6 15. a4 Ne7 16. a5 Bc7 17. a6 Nd8 18. c4 O-O 19. Nc3 Rb8 20. cxb5 cxb5
21. Be3 Ne6 22. Nd5 Nc8 23. Bb3 Bd8 24. Rfc1 Nb6 25. Nxb6 Bxb6 26. Bxb6 Rxb6
27. Bxe6 fxe6 28. Rc7 Rf7 29. Rc8+ Kh7 30. Ra5 Rd7 31. Kf1 g5 32. Ke2 Kg6
33. g4 Kf7 34. Ra1 d5 35. Ke3 dxe4 36. Kxe4 Kf6 37. Rf8+ Rf7 38. Rxf7+ Kxf7
39. Kxe5 Ke7 40. d4 Rc6 41. Ra5 Rb6 42. f4 gxf4 43. Kxf4 Kf6 44. h4 Rd6 45.
Ke4 Rd5 46. Ra1 Rd6 47. Rf1+ Ke7 48. Ra1 Rd5 49. g5 g6 50. Rh1
{Black forfeits on time}
1-0

[Event "ICCopen2017"]
[Site "Internet Chess Club"]
[Date "2017.04.02"]
[Round "2"]
[White "Bryant-L"]
[Black "Saniser"]
[Result "0-1"]
[ICCResult "White resigns"]
[WhiteElo "1548"]
[BlackElo "2194"]
[Opening "French: exchange variation"]
[ECO "C01"]
[NIC "FR.01"]
[Time "19:18:48"]
[TimeControl "180+0"]

1. e4 e6 2. d4 d5 3. exd5 exd5 4. Bd3 c5 5. c3 Nf6 6. Ne2 Nc6 7. O-O Be7 8.
Bf4 O-O 9. Nd2 Bg4 10. f3 Bh5 11. Ng3 Bg6 12. Bxg6 hxg6 13. Nb3 c4 14. Nd2
b5 15. a3 a5 16. Qe2 b4 17. Rfe1 Bd6 18. Bxd6 Qxd6 19. Qf2 Rfb8 20. f4 bxc3
21. bxc3 Rb2 22. f5 g5 23. Qe3 Qf4 24. Nf3 Ng4 25. Nxg5 Nxe3 {White resigns}
0-1

[Event "ICCopen2017"]
[Site "Internet Chess Club"]
[Date "2017.04.02"]
[Round "2"]
[White "Harmony1957"]
[Black "cloak1"]
[Result "1-0"]
[ICCResult "Black resigns"]
[WhiteElo "2251"]
[BlackElo "1833"]
[Opening "Ruy Lopez: Berlin defense, open variation"]
[ECO "C67"]
[NIC "RL.07"]
[Time "19:16:28"]
[TimeControl "180+0"]

1. e4 e5 2. Nf3 Nc6 3. Bb5 Nf6 4. O-O Nxe4 5. Re1 Nd6 6. Nxe5 Be7 7. Bf1 O-O
8. d4 Nxe5 9. dxe5 Nf5 10. Nc3 d6 11. Bf4 Be6 12. Nd5 dxe5 13. Nxe7+ Qxe7
14. Bxe5 Rad8 15. Qh5 f6 16. Bc3 Qf7 17. Qxf7+ Bxf7 18. Bd3 Nd6 19. Re7 Rc8
20. f3 Rfe8 21. Rxe8+ Rxe8 22. Kf2 Kf8 23. Bxh7 g6 24. Bxf6 Re6 25. Bh8 Nc4
26. h4 Rd6 27. Bc3 c5 28. a4 b6 29. g4 Rd7 30. h5 gxh5 31. Bf5 Re7 32. g5
Be6 33. Bd3 Nd6 34. Rh1 Bf5 35. Bxf5 Nxf5 36. Rxh5 Nd4 37. Bxd4 cxd4 38. Kg3
Rc7 39. Rh2 Kg7 40. Kg4 Kg6 41. f4 Rf7 42. f5+ Kg7 43. f6+ Kg8 44. Kf5 Rd7
45. Kg6 d3 46. cxd3 Rxd3 47. f7+ Kf8 48. Rh8+ {Black resigns} 1-0

[Event "ICCopen2017"]
[Site "Internet Chess Club"]
[Date "2017.04.02"]
[Round "2"]
[White "nahuels1992"]
[Black "Fighterman"]
[Result "0-1"]
[ICCResult "White checkmated"]
[WhiteElo "1650"]
[BlackElo "2429"]
[Opening "Sicilian: Najdorf, Opocensky variation"]
[ECO "B92"]
[NIC "SI.11"]
[Time "19:16:02"]
[TimeControl "180+0"]

1. e4 c5 2. Nf3 d6 3. d4 cxd4 4. Nxd4 Nf6 5. Nc3 a6 6. Be2 e5 7. Nb3 Be7 8.
Bg5 O-O 9. Bxf6 Bxf6 10. Nd5 Nc6 11. O-O Bg5 12. c3 Be6 13. Qd3 Ne7 14.
Nxe7+ Qxe7 15. Rfd1 Rad8 16. Bf3 Qc7 17. Nd2 g6 18. Nf1 Qb6 19. b3 Qc5 20.
Ne3 Bxe3 21. Qxe3 Qxe3 22. fxe3 b5 23. Rd3 Rd7 24. Rad1 Rc8 25. Rxd6 Rxd6
26. Rxd6 Rxc3 27. Rxa6 Rxe3 28. Rb6 Re1+ 29. Kf2 Ra1 30. Rxb5 Rxa2+ 31. Ke3
Rb2 32. Rxe5 Rxb3+ 33. Kf4 Kg7 34. Rc5 h6 35. Rc7 g5+ 36. Ke5 g4 37. Be2 Rb2
38. Bc4 Bxc4 39. Rxc4 Rxg2 40. Kf4 h5 41. Rc5 Rxh2 42. Rg5+ Kf6 43. Rf5+ Ke6
44. Re5+ Kf6 45. Rf5+ Kg7 46. Rg5+ Kf8 47. Kf5 Rf2+ 48. Ke5 f6+ 49. Ke6 fxg5
50. e5 g3 51. Kd6 g2 52. e6 g1=Q 53. Kd7 Rd2+ 54. Kc6 Qc1+ 55. Kb5 Rb2+ 56.
Ka4 Qa1# {White checkmated} 0-1

[Event "ICCopen2017"]
[Site "Internet Chess Club"]
[Date "2017.04.02"]
[Round "2"]
[White "BillietheKid"]
[Black "TennKid84"]
[Result "0-1"]
[ICCResult "White forfeits on time"]
[WhiteElo "1425"]
[BlackElo "1748"]
[Opening "Caro-Kann: advance variation"]
[ECO "B12"]
[NIC "CK.04"]
[Time "19:16:13"]
[TimeControl "180+0"]

1. e4 c6 2. d4 d5 3. e5 Bf5 4. Nf3 e6 5. Be2 Qb6 6. O-O c5 7. c3 Nc6 8. Nbd2
Nh6 9. Nb3 Bg6 10. Bxh6 gxh6 11. Nh4 Rg8 12. Nxg6 Rxg6 13. Bh5 Rg5 14. Qf3
Rf5 15. Qe2 cxd4 16. cxd4 Nxd4 17. Nxd4 Qxd4 18. Qb5+ Kd8 19. Bf3 Qb6 20.
Qe2 Rc8 21. b3 Be7 22. Bg4 Rg5 23. Bh3 Qc7 24. Rfe1 Bb4 25. Red1 Qxe5 26.
Qd3 Bd6 27. g3 h5 28. Qxh7 Bc5 29. Rac1 Qg7 30. Qd3 h4 31. b4 hxg3 32. bxc5
gxf2+ 33. Kxf2 Qf6+ {White forfeits on time} 0-1

[Event "ICCopen2017"]
[Site "Internet Chess Club"]
[Date "2017.04.02"]
[Round "2"]
[White "intermaster"]
[Black "Kruger"]
[Result "1-0"]
[ICCResult "Black forfeits on time"]
[WhiteElo "2213"]
[BlackElo "1708"]
[Opening "Sicilian: accelerated fianchetto, modern variation"]
[ECO "B34"]
[NIC "SI.33"]
[Time "19:15:29"]
[TimeControl "180+0"]

1. e4 c5 2. Nf3 g6 3. d4 cxd4 4. Nxd4 Nc6 5. Nc3 Bg7 6. Nxc6 bxc6 7. Bc4 Rb8
8. O-O d6 9. Bb3 Nf6 10. Be3 a5 11. h3 O-O 12. Qd2 Ba6 13. Rfe1 Re8 14. Bh6
Bh8 15. Rad1 Qc7 16. Bf4 Qb6 17. Be3 Qc7 18. Bd4 c5 19. Bxf6 Bxf6 20. Nd5
Qb7 21. Nxf6+ exf6 22. Qxd6 c4 23. Ba4 Re6 24. Qd5 Qxb2 25. Qxa5 Qxa2 26.
Ra1 Qb2 27. Bd7 Reb6 28. Rac1 Qe5 29. Qa4 c3 30. Bg4 Bb5 31. Qa5 Bc4 32. Qa4
Be6 33. Bf3 Qf4 34. Qa5 Bxh3 35. Qxc3 Bg4 36. Qe3 Qxe3 37. Rxe3 Bxf3 38.
Rxf3 Rc6 39. c4 Rbc8 40. Rfc3 Rc5 41. f3 Kf8 42. Kf2 Ke7 43. Ke3 Kd6 44. Kd4
f5 45. Ra1 fxe4 46. fxe4 R8c6 47. Ra7 Ke6 48. Ra8 h5 49. Re8+ Kf6 50. Rd8
Kg5 51. Rd5+ Rxd5+ 52. exd5 Rc7 53. c5 Kf4 54. d6 Rc8 55. d7 Rd8 56. c6 f6
57. Kc5 Ke4 58. c7 {Black forfeits on time} 1-0